 Dungeon Crawl Stone Soup version 0.31-a0-115-g4708a659fe (webtiles) character file.

Game seed: 13974092469770510024

51 senseless the Ducker (level 3, -1/30 HPs)
             Began as a Demigod Gladiator on May 29, 2023.
             Slain by Sigmund
             ... wielding a +1 scythe of venom
              (4 damage)
             ... on level 2 of the Dungeon.
             The game lasted 00:02:59 (1100 turns).

senseless the Ducker (Demigod Gladiator)            Turns: 1100, Time: 00:03:00

Health: -1/30      AC:  4    Str: 15    XL:     3   Next: 36%
Magic:  5/5        EV: 13    Int: 10    God:
Gold:   83         SH:  0    Dex: 19    Spells: 2/2 levels left

rFire   . . .        a - +0 long sword
rCold   . . .        (no shield)
rNeg    . . .        b - +0 leather armour
rPois   .            c - +0 helmet
rElec   .            (no cloak)
rCorr   .            (no gloves)
SInv    .            (no boots)
Will    .....        (no amulet)
Stlth   +            (no ring)
HPRegen 0.25/turn    (no ring)
MPRegen 0.09/turn

%: no passive effects
@: lethally poisoned (-1 -> -4)
A: high MP 1, forlorn, divine attributes
a: no special abilities


You were on level 2 of the Dungeon.
You visited 1 branch of the dungeon, and saw 2 of its levels.

You collected 83 gold pieces.

Inventory:

Hand Weapons
 a - a +0 long sword (weapon)
Missiles
 d - 3 throwing nets (quivered)
 e - a javelin
Armour
 b - a +0 leather armour (worn)
 c - a +0 helmet (worn)
Scrolls
 f - a scroll of noise {unknown}
 g - a scroll of blinking {unknown}
 i - 2 scrolls of identify {unknown}
 j - a scroll of teleportation {unknown}
 k - a scroll of fog {unknown}
 m - a scroll of enchant weapon {unknown}
Potions
 h - a potion of haste {unknown}
 l - a potion of curing {unknown}


   Skills:
 + Level 2.5 Fighting
 + Level 3.2 Long Blades
 - Level 1.7 Throwing
 + Level 3.2 Dodging


You had 2 spell levels left.
You didn't know any spells.
Your spell library was empty.

Dungeon Overview and Level Annotations

Branches:
Dungeon (2/15)

Shops:
D:1 *

Annotations:
D:2 Sigmund


Innate Abilities, Weirdness & Mutations

You have an increased reservoir of magic. (+10% MP)
You shall have no god before yourself.
Your divine heritage dramatically boosts your attributes as you level up.


Message History

No target in view!
No target in view!
You feel sick.
You feel sick.
You feel sick.
You feel sick.
You feel sick.
You are no longer poisoned.
Sigmund the Dreaded comes into view.
He is wielding a +1 scythe of venom.
Sigmund shouts!
You see here a brown potion.
Sigmund hits you from afar with a +1 scythe of venom!
You are poisoned.
You feel very sick.
You are too injured to fight recklessly!
You hit Sigmund.
Sigmund is lightly wounded.
You feel very sick. Sigmund closely misses you.
You closely miss Sigmund.
Sigmund is lightly wounded.
* * * LOW HITPOINT WARNING * * *
You feel very sick.
Sigmund screams, "Don't try to resist!"
Sigmund hits you with a +1 scythe of venom.
* * * LOW HITPOINT WARNING * * *
You hit Sigmund but do no damage.
Sigmund is lightly wounded.
* * * LOW HITPOINT WARNING * * *
You feel sick.
Sigmund mumbles some strange words.
Sigmund flickers and vanishes!
Deactivating autopickup; reactivate with Ctrl-A.
You barely miss something.
* * * LOW HITPOINT WARNING * * *
You feel sick. Something hits you but does no damage.
You barely miss something.
* * * LOW HITPOINT WARNING * * *
You feel sick. Something hits you.
You die...

#...#.####.
...............
#.#...........##
#.#.##.........###### #
.......###.†........#.#.
#.#.##.........!........
........................
...................?....
................@.......
..#.##.###.#...##{###.#.
..#.##.###.#...# .# #
###.##.........# .#
###.##>.......## .#
....###.##.#.## .# ###.#
#.####.# .# # #.# #.#
#.# .. ... #..


There were no monsters in sight!

Vanquished Creatures
  An adder (D:2)
  2 dart slugs
  4 ball pythons
  4 endoplasms (D:1)
  3 giant cockroaches (D:1)
  4 goblins
  2 hobgoblins (D:2)
  2 quokkas (D:1)
  2 bats (D:1)
  5 frilled lizards (D:1)
  3 kobolds (D:1)
  5 rats (D:1)
37 creatures vanquished.

Vanquished Creatures (others)
  A bat (D:1)
1 creature vanquished.

Grand Total: 38 creatures vanquished

Notes
Turn   | Place    | Note
-------+----------+-------------------------------------------
     0 | D:1      | senseless the Demigod Gladiator began the quest for the
                  | Orb.
     0 | D:1      | Reached XP level 1. HP: 17/17 MP: 3/3
   318 | D:1      | Reached XP level 2. HP: 24/24 MP: 4/4
   448 | D:1      | Found Nyp Wuxt's General Store.
   750 | D:1      | Reached XP level 3. HP: 30/30 MP: 5/5
  1092 | D:2      | Noticed Sigmund
  1100 | D:2      | Slain by Sigmund

Illustrated notes

Levels and vault maps discovered:
D:1:      dpeg_cavernosity, layout_basic, serial_shops, shop,
          chequers_serial_rivers_micro_c, minmay_close_crescents
D:2:      layout_basic, minmay_misc_feat_ornament, minmay_lizard_king,
          uniq_sigmund

Skill      XL: |  1  2 |
---------------+-------+-----
Fighting       | 2 |  2.5
Long Blades    | 3 |  3.2
Dodging        | 3 |  3.2
Throwing       | |  1.7

Action                     || total
---------------------------++-------
  Melee: Long sword        ||   120
         Punch             ||     1
   Stab: Distracted        ||     1
         Sleeping          ||     1
 Armour: Leather armour    ||    31
  Dodge: Dodged            ||    93

Table legend: (Time is in decaauts)
 A = Elapsed time spent in this place.
 B = Non-inter-level travel time spent in this place.
 C = Inter-level travel time spent in this place.
 D = Time resting spent in this place.
 E = Time spent auto-exploring this place.
 F = Levels seen in this place.
 G = Mean time per level.
                   A        B        C        D        E       F      G
               +--------+--------+--------+--------+--------+-----+--------+
         Total |   1130 |   1028 |    102 |      0 |    755 |   2 |  565.0 |
       Dungeon |   1130 |   1028 |    102 |      0 |    755 |   2 |  565.0 |
               +--------+--------+--------+--------+--------+-----+--------+

Top non-repeatable levels by time:
     D:1: 925 daAuts
     D:2: 204 daAuts
